 Dungeon Sprint DCSS version 0.23.0-3-gf3c87f2 (webtiles) character file.

Game seed: 9617965548024626756

48 nuthulu the Fighter (level 7, -8/53 HPs)
             Began as a Gargoyle Fighter on Feb 24, 2019.
             Was a Follower of Okawaru.
             Mangled by a spiny frog (16 damage)
             ... in the Dungeon (Sprint VI: "Thunderdome").
             The game lasted 00:04:12 (449 turns).

nuthulu the Fighter (Gargoyle Fighter)               Turns: 449, Time: 00:04:13

Health: -8/53      AC: 14    Str: 21    XL:     7   Next: 66%
Magic:  7/13       EV: 11    Int: 11    God:    Okawaru [*.....]
Gold:   91         SH: 11    Dex: 11    Spells: 6/6 levels left

rFire    x . .     SeeInvis +   a - +0 flail
rCold    + . .     Gourm    +   c - +0 shield
rNeg     + . .     Faith    .   b - +0 scale mail
rPois    ∞         Spirit   .   (no helmet)
rElec    +         Reflect  .   s - +0 cloak
rCorr    .         Harm     .   (no gloves)
MR       +....     NoTele   +   (no boots)
Stlth    +.........             p - amulet of the Albatross {Gourm rF- Dex+2 Slay+3}
HPRegen  0.17/turn              q - ring "Lodo" {rC+ MR+}
MPRegen  0.13/turn              r - ring of Spite {Int+2 SInv}

@: heroism
A: negative energy resistance 1, electricity resistance, unbreathing,
petrification resistance, rot immunity, AC +4
a: Heroism, Renounce Religion


You were in the Dungeon.
You worshipped Okawaru.
Okawaru was aware of your devotion.
You were not hungry.

You visited 1 branch You collected 280 gold pieces.
You spent 189 gold pieces at shops.

Inventory:

Hand Weapons
 a - a +0 flail (weapon)
Armour
 b - a +0 scale mail (worn)
 c - a +0 shield (worn)
 s - a +0 cloak (worn)
Jewellery
 p - the amulet of the Albatross (around neck) {Gourm rF- Dex+2 Slay+3}
   (You bought it in a shop in the Dungeon)

   [amulet of the gourmand]

   It allows you to eat raw meat even when not hungry.
   It affects your dexterity (+2).
   It affects your accuracy and damage with ranged weapons and melee attacks
   (+3).
   It makes you vulnerable to fire.
 q - the ring "Lodo" (left hand) {rC+ MR+}
   (You bought it in a shop in the Dungeon)

   [ring of protection from magic]

   It protects you from cold.
   It affects your resistance to hostile enchantments.
 r - the ring of Spite (right hand) {Int+2 SInv}
   (You bought it in a shop in the Dungeon)

   [ring of see invisible]

   It affects your intelligence (+2).
   It lets you see invisible.
Wands
 l - a wand of acid (5)
 m - a wand of iceblast (5)
Scrolls
 k - 4 scrolls of blinking
 n - 3 scrolls of fog
Potions
 e - a potion of curing
 g - 2 potions of heal wounds
 h - 2 potions of haste
 i - 2 potions of magic
 j - a potion of berserk rage
 o - 2 potions of resistance
Comestibles
 f - a ration


   Skills:
 + Level 10.9(15.9) Fighting
 + Level 9.7(14.7) Maces & Flails
 - Level 4.5(9.5) Armour
 - Level 4.5(9.5) Shields
 - Level 8.8 Invocations


You had 6 spell levels left.
You didn't know any spells.
Your spell library was empty.

Dungeon Overview and Level Annotations

Branches:
Dungeon (1/1)

Altars:
Cheibriados
Dithmenos
Fedhas
Gozag
Kikubaaqudgha
Makhleb
Okawaru
Qazlal
Ru
Sif Muna
Trog
Uskayaw
Vehumet
Wu Jian
Xom
Yredelemnul
Zin
The Shining One
Beogh
Jiyva
Lugonu

Shops:
D *[%??*?*:[((!!!!


Innate Abilities, Weirdness & Mutations

You are resistant to torment.
Your stone body is resilient. (AC +4)
You are immune to poison.
You resist negative energy. (rN+)
You are resistant to electric shocks. (rElec)
You can survive without breathing.
You are immune to petrification.
You are immune to rotting.


Message History

A bullfrog and a spiny frog come into view.
The spiny frog gives a loud, deep croak!
You gain the combat prowess of a mighty hero.
A bullfrog comes into view.
The bullfrog croaks.
You thump the spiny frog!
The spiny frog is lightly wounded.
You closely miss the spiny frog.
The spiny frog is lightly wounded.
The spiny frog stings you. The bullfrog hits you. 50...
You hit the spiny frog.
The spiny frog is moderately wounded.
You block the spiny frog's attack. You block the bullfrog's attack.
You sock the bullfrog!
The bullfrog is moderately wounded.
The bullfrog hits you. The spiny frog stings you!
* * * LOW HITPOINT WARNING * * *
The spiny frog stings you!
You die...

##§⌠§## #.....# ##.....##
##∩.....∩## #∩.......∩#
#_......._# #_......._#
#...FF..._# ###...F@....###
#⌠...........⌠#
######.8.........8.######
##∩_._......###......___∩##
###∩.....†..8.# #.8........∩###
##.............###.............##
#⌠....).....###...###..........⌠#
#⌠..........# #.<.# #..........⌠#
#⌠..........###...###..........⌠#


You could see a spiny frog and 2 bullfrogs.

Vanquished Creatures
  A spiny frog (D)
  2 blink frogs (D)
  A gnoll (D)
  5 oozes (D)
  An adder skeleton (D)
  A bat (D)
  2 goblins (D)
13 creatures vanquished.

Notes
Turn   | Place    | Note
-------+----------+-------------------------------------------
     0 | D        | nuthulu the Gargoyle Fighter began the quest for the Orb.
     0 | D        | Reached XP level 1. HP: 14/14 MP: 1/1
     2 | D        | Found a glowing silver altar of Zin.
     3 | D        | Found an opulent altar of Gozag.
     3 | D        | Found a radiant altar of Vehumet.
     4 | D        | Found a snail-covered altar of Cheibriados.
     4 | D        | Found a burning altar of Makhleb.
     5 | D        | Found Zischero's Identification Station.
     5 | D        | Found an ornate altar of the Wu Jian Council.
     5 | D        | Found Lyowkonk's Delicious Food.
     5 | D        | Round 1.
     6 | D        | Found Lutsoraf's Advanced Armour.
     6 | D        | Found Pularud Jank's Jewellery.
    20 | D        | Bought a faintly glowing zirconium amulet for 45 gold
                  | pieces
    20 | D        | Bought a bound golden ring for 45 gold pieces
    20 | D        | Bought a twitching copper ring for 45 gold pieces
    20 | D        | Identified the amulet of the Albatross {Gourm rF- Dex+2
                  | Slay+3} (You bought it in a shop in the Dungeon)
    21 | D        | Identified the ring "Lodo" {rC+ MR+} (You bought it in a
                  | shop in the Dungeon)
    22 | D        | Identified the ring of Spite {Int+2 SInv} (You bought it in
                  | a shop in the Dungeon)
    27 | D        | Reached skill level 4 in Fighting
    27 | D        | Reached XP level 2. HP: 20/20 MP: 2/2
    35 | D        | Found a stormy altar of Qazlal.
    36 | D        | Found a shimmering altar of Xom.
    37 | D        | Found Roatt's Magic Scroll Shop.
    38 | D        | Found a sacrificial altar of Ru.
    38 | D        | Found a roughly hewn altar of Beogh.
    38 | D        | Found a blossoming altar of Fedhas.
    38 | D        | Found Qefrioch's Staff Store.
    38 | D        | Found Xaxtor's Magic Scroll Shop.
    38 | D        | Found Unedghiack's Must-Have Magic.
    42 | D        | Found a glowing golden altar of the Shining One.
    43 | D        | Found an ancient bone altar of Kikubaaqudgha.
    44 | D        | Found a corrupted altar of Lugonu.
    56 | D        | Found Dunkiar's Distillery.
    56 | D        | Found an iron altar of Okawaru.
    56 | D        | Found a viscous altar of Jiyva.
    56 | D        | Found a hide-covered altar of Uskayaw.
    56 | D        | Found Duuwuocw's Do-It-Yourself Clinic.
    57 | D        | Found Ahopsigh's Distillery.
    57 | D        | Found Maeleess's Bottled Wisdom.
    60 | D        | Found a deep blue altar of Sif Muna.
    61 | D        | Found a basalt altar of Yredelemnul.
    62 | D        | Found a bloodstained altar of Trog.
    73 | D        | Found a shadowy altar of Dithmenos.
    73 | D        | Found Ujuariur's Weapon Rack.
    73 | D        | Found Kuchima's Premium Goods.
    84 | D        | Became a worshipper of Warmaster Okawaru
    89 | D        | Found Ytsoluimoh's Basic Armour.
    89 | D        | Found Wemaotud's Miscellaneous Merchandise.
    94 | D        | Arena points: 12 (+12) [x2]
   155 | D        | Round 2.
   186 | D        | Reached skill level 1 in Invocations
   186 | D        | Reached XP level 3. HP: 24/24 MP: 3/3
   232 | D        | Arena points: 48 (+36) [x3]
   256 | D        | Bought a +0 cloak for 54 gold pieces
   307 | D        | Round 3.
   312 | D        | Noticed a blink frog
   357 | D        | Noticed a spiny frog
   371 | D        | Killed a spiny frog
   371 | D        | Reached * piety under Okawaru
   371 | D        | Reached skill level 8 in Fighting
   371 | D        | Reached XP level 4. HP: 36/36 MP: 4/9
   371 | D        | Reached XP level 5. HP: 40/40 MP: 4/10
   371 | D        | Reached XP level 6. HP: 45/45 MP: 4/11
   378 | D        | Killed a blink frog
   378 | D        | Reached skill level 9 in Fighting
   378 | D        | Reached XP level 7. HP: 30/52 MP: 4/13
   379 | D        | Noticed a blink frog
   392 | D        | Killed a blink frog
   392 | D        | Reached ** piety under Okawaru
   392 | D        | Reached skill level 10 in Fighting
   440 | D        | Noticed a spiny frog
   449 | D        | Mangled by a spiny frog

Skill      XL: |  1  2  3  4  5  6  7 |
---------------+----------------------+-----
Fighting       | 4 8 9 10 | 10.9
Armour         | 4 |  4.5
Shields        | 4 |  4.5
Maces & Flails | 3 7 8 9 |  9.7
Invocations    | 1 7 8 |  8.8

Action                   |  1- 3 |  4- 6 |  7- 9 || total
-------------------------+-------+-------+-------++-------
Melee: Flail             |    53 |     5 |     6 ||    64
Invok: Heroism           |       |       |     2 ||     2
  Use: Potion            |     5 |       |       ||     5
  Eat: Chunk             |     7 |       |       ||     7
Armor: Scale mail        |    23 |       |       ||    23
Dodge: Dodged            |    13 |     1 |       ||    14
Block: Shield            |    15 |     1 |     4 ||    20
